Workbook
Name Début_échéance: emprunt!$F$3
Name Début_échéance: '[1]Plan d''amortissement SCI'!$F$3
Name Dernière_période: emprunt!$B$5
Name Dernière_période: '[1]Plan d''amortissement SCI'!$B$5
Name Durée: emprunt!$D$3
Name Durée: '[1]Plan d''amortissement SCI'!$D$3
Name Mensualité: emprunt!$A$5
Name Mensualité: '[1]Plan d''amortissement SCI'!$A$5
Name Mensualités: emprunt!$A$5
Name Montant: emprunt!$C$3
Name Montant: '[1]Plan d''amortissement SCI'!$C$3
Name Taux_Annuel: emprunt!$E$3
Name Taux_Annuel: '[1]Plan d''amortissement SCI'!$E$3

Sheet simul
D2: ZONE DE COLLECTE d'INFORMATIONS
D3: Tous les champs sont obligatoires
D5: Régime de location meublée | F5: Tranche Marginale d'Imposition (TMI)
B6: combo box | D6: Meuble tourisme non classé | F6: 0.3
B7: calcul automatique | D7: Plafond de loyer annuel pour le regime Micro | E7: =IF(D6="Meuble tourisme non classé",15000,77700) -> 15000
B9: zone de saisie | D9: Montant investissement : | E9: 200000
B10: combo box | D10: Nature investissement : | E10: neuf
B11: calcul automatique | D11: Frais notaire estimés | E11: =IF(E10="neuf",E9*0.03,E9*0.075) -> 6000
B12: zone de saisie | D12: Montant mobilier : | E12: 5000
B13: zone de saisie | D13: Montant emprunt : | E13: 200000
B14: zone de saisie | D14: durée (en mois) : | E14: 240
B15: zone de saisie | D15: taux d'interet : | E15: 0.02
B16: zone de saisie | D16: loyer annuel Hors taxe : | E16: 6000
B17: zone de saisie | D17: taxe fonciere : | E17: 500
B18: zone de saisie | D18: autres charges : | E18: 750
D19: (frais copropriété, assurances, entretien, honoraires, …)
D24: RESTITUTION
E27: Micro | F27: Réel
D28: loyers | E28: =E16 -> 6000 | F28: =E16 -> 6000
D29: abattement forfaitaire | E29: =IF(D6="Meuble tourisme non classé",E28*-0.3,E28*-0.5) -> -1800
D30: taxe fonciere et CFE | F30: =-E17-amort!M19 -> -750
D31: interets d'emprunt (1) | F31: =-emprunt!E21 -> -3924.9562
D32: autres charges | F32: =-E18 -> -750
D33: amortissements | F33: =-amort!P13 -> -8593.7857
D34: résultat imposable | E34: =SUM(E28:E33) -> 4200 | F34: =SUM(F28:F33) -> -8018.7419
D35: Total impôts et prélèvements sociaux | E35: =(E34*F6)+(E34*amort!M18) -> 1982.4 | F35: =IF(F34<=0,0,F34*F6+F34*amort!M18) -> 0
D36: (1) intérêts 1ere année

Sheet amort
L4: Amort : | O4: durée
L5: terrain | M5: 0.1 | N5: =(simul!$E$9+simul!$E$11)*M5 -> 20600 | O5: -
L6: gros œuvre | M6: 0.45 | N6: =(simul!$E$9+simul!$E$11)*M6 -> 92700 | O6: 50 | P6: =N6/O6 -> 1854
L7: facade etancheité | M7: 0.135 | N7: =(simul!$E$9+simul!$E$11)*M7 -> 27810 | O7: 20 | P7: =N7/O7 -> 1390.5
L8: installation générale | M8: 0.18 | N8: =(simul!$E$9+simul!$E$11)*M8 -> 37080 | O8: 20 | P8: =N8/O8 -> 1854
L9: autres agentc | M9: 0.135 | N9: =(simul!$E$9+simul!$E$11)*M9 -> 27810 | O9: 10 | P9: =N9/O9 -> 2781
M10: =SUM(M5:M9) -> 1 | N10: =(simul!$E$9+simul!$E$11)*M10 -> 206000 | P10: =SUM(P5:P9) -> 7879.5
L12: mobilier | N12: =simul!E12 -> 5000 | O12: 7 | P12: =N12/O12 -> 714.28571
L13: total amort. | P13: =P10+P12 -> 8593.7857
P17: 0.14
L18: PS : | M18: 0.172 | P18: 0.3
L19: CFE : | M19: 250 | P19: 0.41
P20: 0.45
P23: Meuble tourisme classé, chambres d'hôtes et autres LMNP
P24: Meuble tourisme non classé
P32: neuf
P33: ancien

Sheet emprunt
A1: Simulation d'emprunt
C2: Montant | D2: Durée | E2: Taux Annuel | F2: Début échéance
C3: =simul!E13 -> 200000 | D3: =simul!E14 -> 240 | E3: =simul!E15 -> 0.02 | F3: 43831
A4: Mensualité | B4: Dernière période | C4: [Euros] | D4: 0 | F4: [date]
A5: =ABS(PMT(Taux_Annuel/12,Durée,Montant)) -> 1011.7667 | B5: =DATE(YEAR(Début_échéance)-1900,MONTH(Début_échéance)+Durée,1) -> 51136
A7: ="Vous rembourserez jusqu'en " & TEXT(Dernière_période-1,"mmmm aaaa") & " la somme de " & DOLLAR(Mensualité,2) & " par mois" -> Vous rembourserez jusqu'en décembre 2039 la somme de 1 011,77 € par mois
A9: N° de période | B9: Date échéance | C9: Intérêts de la période | D9: Capital remboursé | E9: Cumul des intérêts | F9: Cumul du Capital | G9: Capital restant dû
A10: 1 | B10: =Début_échéance -> 43831 | C10: =ABS(IPMT(Taux_Annuel/12,$A10,Durée,Montant)) -> 333.33333 | D10: =ABS(PPMT(Taux_Annuel/12,$A10,Durée,Montant)) -> 678.43334 | E10: =C10 -> 333.33333 | F10: =D10 -> 678.43334 | G10: =Montant-F10 -> 199321.57
A11: 2 | B11: =DATE(YEAR(B10)-1900,MONTH(B10)+1,1) -> 43862 | C11: =ABS(IPMT(Taux_Annuel/12,$A11,Durée,Montant)) -> 332.20261 | D11: =ABS(PPMT(Taux_Annuel/12,$A11,Durée,Montant)) -> 679.56406 | E11: =E10+C11 -> 665.53594 | F11: =F10+D11 -> 1357.9974 | G11: =Montant-F11 -> 198642
A12: 3 | B12: =DATE(YEAR(B11)-1900,MONTH(B11)+1,1) -> 43891 | C12: =ABS(IPMT(Taux_Annuel/12,$A12,Durée,Montant)) -> 331.07 | D12: =ABS(PPMT(Taux_Annuel/12,$A12,Durée,Montant)) -> 680.69667 | E12: =E11+C12 -> 996.60595 | F12: =F11+D12 -> 2038.6941 | G12: =Montant-F12 -> 197961.31
A13: 4 | B13: =DATE(YEAR(B12)-1900,MONTH(B12)+1,1) -> 43922 | C13: =ABS(IPMT(Taux_Annuel/12,$A13,Durée,Montant)) -> 329.93551 | D13: =ABS(PPMT(Taux_Annuel/12,$A13,Durée,Montant)) -> 681.83116 | E13: =E12+C13 -> 1326.5415 | F13: =F12+D13 -> 2720.5252 | G13: =Montant-F13 -> 197279.47
A14: 5 | B14: =DATE(YEAR(B13)-1900,MONTH(B13)+1,1) -> 43952 | C14: =ABS(IPMT(Taux_Annuel/12,$A14,Durée,Montant)) -> 328.79912 | D14: =ABS(PPMT(Taux_Annuel/12,$A14,Durée,Montant)) -> 682.96755 | E14: =E13+C14 -> 1655.3406 | F14: =F13+D14 -> 3403.4928 | G14: =Montant-F14 -> 196596.51
A15: 6 | B15: =DATE(YEAR(B14)-1900,MONTH(B14)+1,1) -> 43983 | C15: =ABS(IPMT(Taux_Annuel/12,$A15,Durée,Montant)) -> 327.66085 | D15: =ABS(PPMT(Taux_Annuel/12,$A15,Durée,Montant)) -> 684.10582 | E15: =E14+C15 -> 1983.0014 | F15: =F14+D15 -> 4087.5986 | G15: =Montant-F15 -> 195912.4
A16: 7 | B16: =DATE(YEAR(B15)-1900,MONTH(B15)+1,1) -> 44013 | C16: =ABS(IPMT(Taux_Annuel/12,$A16,Durée,Montant)) -> 326.52067 | D16: =ABS(PPMT(Taux_Annuel/12,$A16,Durée,Montant)) -> 685.246 | E16: =E15+C16 -> 2309.5221 | F16: =F15+D16 -> 4772.8446 | G16: =Montant-F16 -> 195227.16
A17: 8 | B17: =DATE(YEAR(B16)-1900,MONTH(B16)+1,1) -> 44044 | C17: =ABS(IPMT(Taux_Annuel/12,$A17,Durée,Montant)) -> 325.37859 | D17: =ABS(PPMT(Taux_Annuel/12,$A17,Durée,Montant)) -> 686.38808 | E17: =E16+C17 -> 2634.9007 | F17: =F16+D17 -> 5459.2327 | G17: =Montant-F17 -> 194540.77
A18: 9 | B18: =DATE(YEAR(B17)-1900,MONTH(B17)+1,1) -> 44075 | C18: =ABS(IPMT(Taux_Annuel/12,$A18,Durée,Montant)) -> 324.23461 | D18: =ABS(PPMT(Taux_Annuel/12,$A18,Durée,Montant)) -> 687.53206 | E18: =E17+C18 -> 2959.1353 | F18: =F17+D18 -> 6146.7647 | G18: =Montant-F18 -> 193853.24
A19: 10 | B19: =DATE(YEAR(B18)-1900,MONTH(B18)+1,1) -> 44105 | C19: =ABS(IPMT(Taux_Annuel/12,$A19,Durée,Montant)) -> 323.08873 | D19: =ABS(PPMT(Taux_Annuel/12,$A19,Durée,Montant)) -> 688.67794 | E19: =E18+C19 -> 3282.224 | F19: =F18+D19 -> 6835.4427 | G19: =Montant-F19 -> 193164.56
A20: 11 | B20: =DATE(YEAR(B19)-1900,MONTH(B19)+1,1) -> 44136 | C20: =ABS(IPMT(Taux_Annuel/12,$A20,Durée,Montant)) -> 321.94093 | D20: =ABS(PPMT(Taux_Annuel/12,$A20,Durée,Montant)) -> 689.82574 | E20: =E19+C20 -> 3604.165 | F20: =F19+D20 -> 7525.2684 | G20: =Montant-F20 -> 192474.73
A21: 12 | B21: =DATE(YEAR(B20)-1900,MONTH(B20)+1,1) -> 44166 | C21: =ABS(IPMT(Taux_Annuel/12,$A21,Durée,Montant)) -> 320.79122 | D21: =ABS(PPMT(Taux_Annuel/12,$A21,Durée,Montant)) -> 690.97545 | E21: =E20+C21 -> 3924.9562 | F21: =F20+D21 -> 8216.2439 | G21: =Montant-F21 -> 191783.76
A22: 13 | B22: =DATE(YEAR(B21)-1900,MONTH(B21)+1,1) -> 44197 | C22: =ABS(IPMT(Taux_Annuel/12,$A22,Durée,Montant)) -> 319.63959 | D22: =ABS(PPMT(Taux_Annuel/12,$A22,Durée,Montant)) -> 692.12708 | E22: =E21+C22 -> 4244.5958 | F22: =F21+D22 -> 8908.3709 | G22: =Montant-F22 -> 191091.63
... A249: 240 | B249: =DATE(YEAR(B248)-1900,MONTH(B248)+1,1) -> 51105 | C249: =ABS(IPMT(Taux_Annuel/12,$A249,Durée,Montant)) -> 1.683472 | D249: =ABS(PPMT(Taux_Annuel/12,$A249,Durée,Montant)) -> 1010.0832 | E249: =E248+C249 -> 42824.001 | F249: =F248+D249 -> 200000 | G249: =Montant-F249 -> 0
